 Dungeon Crawl Stone Soup version 0.31.0-12-g77e489cdc1 (webtiles) character file.

Game seed: 9278309870712247096

11 PaiMei the Grave Robber (level 2, -6/18 (19) HPs)
             Began as a Demonspawn Necromancer on Feb 17, 2024.
             Mangled by a gnoll
             ... wielding a +2 flail of draining
              (8 damage)
             ... on level 1 of the Dungeon.
             The game lasted 00:00:43 (367 turns).

PaiMei the Grave Robber (Demonspawn Necromancer)     Turns: 367, Time: 00:00:43

HP:   -6/18 (19)    AC:  2    Str:  8    XL:     2   Next: 17%
MP:   0/5           EV: 12    Int: 15    God:
Gold: 16            SH:  0    Dex: 13    Spells: 4/5 levels left

rFire   . . .        c - +0 short sword
rCold   . . .        (no shield)
rNeg    . . .        a - +0 robe
rPois   .            (no helmet)
rElec   .            (no cloak)
rCorr   .            (no gloves)
SInv    .            (no boots)
Will    .....        (no amulet)
Stlth   ++           (no ring)
HPRegen 0.23/turn    (no ring)
MPRegen 0.09/turn

%: no passive effects
@: drained
A: weakness stinger 1
a: no special abilities


You were on level 1 of the Dungeon.
You visited 1 branch of the dungeon, and saw 1 of its levels.

You collected 16 gold pieces.

Inventory:

Hand Weapons
 c - a +0 short sword (weapon)
Armour
 a - a +0 robe (worn)
Potions
 b - a potion of magic


   Skills:
 + Level 2.0 Dodging
 + Level 2.0 Stealth
 + Level 2.2 Spellcasting
 + Level 4.5 Necromancy


You had 4 spell levels left.
You knew the following spells:

 Your Spells              Type           Power      Damage    Failure   Level
a - Necrotise             Necr           60%        1d7       3%          1

Your spell library contained the following spells:

 Spells                   Type           Power      Damage    Failure   Level
 Vampiric Draining        Necr           15%        2d7       10%         3
 Animate Dead             Necr           15%        N/A       32%         4
 Curse of Agony           Necr           15%        N/A       67%         5
 Summon Forest            Summ/Tloc      0%         N/A       99%         5
 Summon Mana Viper        Hex/Summ       1%         N/A       99%         5
 Summon Cactus Giant      Summ           0%         N/A       100%        6


Dungeon Overview and Level Annotations

Branches:
Dungeon (1/15)

Altars:


Innate Abilities, Weirdness & Mutations

You have a small tail.


Message History

Casting: Necrotise (safe; 3% risk of failure)
Confirm with . or Enter, or press ? or * to list all spells.
Aiming: Necrotise (safe; 3% risk of failure)
Press: ? - help, Shift-Dir - straight line, f/p - gnoll
Aim: a gnoll, wielding a +2 flail of draining (heavily wounded, chance to affect: 79%)
The gnoll barely resists.
Casting: Necrotise (safe; 3% risk of failure)
Confirm with . or Enter, or press ? or * to list all spells.
Aiming: Necrotise (safe; 3% risk of failure)
Press: ? - help, Shift-Dir - straight line, f/p - gnoll
Aim: a gnoll, wielding a +2 flail of draining (heavily wounded, chance to affect: 79%)
The gnoll barely resists.
The gnoll misses you.
Casting: Necrotise (safe; 3% risk of failure)
Confirm with . or Enter, or press ? or * to list all spells.
Aiming: Necrotise (safe; 3% risk of failure)
Press: ? - help, Shift-Dir - straight line, f/p - gnoll
Aim: a gnoll, wielding a +2 flail of draining (heavily wounded, chance to affect: 79%)
The gnoll barely resists.
The gnoll misses you.
Casting: Necrotise (safe; 3% risk of failure)
Confirm with . or Enter, or press ? or * to list all spells.
You don't have enough magic to cast this spell.
Casting: Necrotise (safe; 3% risk of failure)
Confirm with . or Enter, or press ? or * to list all spells.
You don't have enough magic to cast this spell.
Casting: Necrotise (safe; 3% risk of failure)
Confirm with . or Enter, or press ? or * to list all spells.
You don't have enough magic to cast this spell.
You hit the gnoll.
The gnoll is heavily wounded.
The gnoll hits you with a +2 flail of draining!
Ouch! That really hurt!
You feel drained.
* * * LOW HITPOINT WARNING * * *
Casting: Necrotise (safe; 3% risk of failure)
Confirm with . or Enter, or press ? or * to list all spells.
You don't have enough magic to cast this spell.
You barely miss the gnoll.
The gnoll is heavily wounded.
The gnoll hits you with a +2 flail of draining!
You die...

##.....###########
####...##.......#
#...##.#####.#
###.##.# #.#
#####.##.# #.#
#....>##.#####.#
#.######.....#.#
#g#......###.#.#
#@#.#........#.#
#.#.#.##.#####.#
#.#.#.##.#.....##
#.#.#.##.##.##..##
#.#.#.##.##.#....#
#.#.#.##.##.#....#
#.#.........#....'
#.###.#.###......#
#.......# #.#....#


You could see a gnoll.

Vanquished Creatures
  A bat (D:1)
  An endoplasm (D:1)
  A giant cockroach (D:1)
  2 hobgoblins (D:1)
  A quokka (D:1)
  A ball python (D:1)
  2 frilled lizards (D:1)
  A kobold (D:1)
  A rat (D:1)
11 creatures vanquished.

Notes
Turn   | Place    | Note
-------+----------+-------------------------------------------
     0 | D:1      | PaiMei the Demonspawn Necromancer began the quest for the
                  | Orb.
     0 | D:1      | Reached XP level 1. HP: 13/13 MP: 3/3
   241 | D:1      | Gained mutation: You have a small tail. [demonic ancestry]
   241 | D:1      | Reached XP level 2. HP: 13/19 MP: 0/5
   367 | D:1      | Mangled by a gnoll

Illustrated notes

Levels and vault maps discovered:
D:1:      dpeg_arrival_rooms_b, layout_basic, serial_shops,
          nicolae_shop_scrapyard, hangedman_decor_riveting,
          minmay_strange_pillars, minmay_hexomino_r4

Skill      XL: |  1 |
---------------+----+-----
Stealth        | 2 |  2.0
Dodging        | 2 |  2.0
Spellcasting   | |  2.2
Necromancy     | |  4.5

Action                     || total
---------------------------++-------
  Melee: Short sword       ||    25
   Cast: Necrotise         ||    21
 Armour: Robe              ||    17
  Dodge: Dodged            ||    21
